 Dungeon Crawl Stone Soup version 0.28-a0-662-g1651b1f1e0 (webtiles) character file.

Game seed: 16199879237714309830

7 flotson the Sneak (level 1, 0/18 HPs)
             Began as a Demonspawn Delver on Oct 14, 2021.
             Slain by a river rat (2 damage)
             ... in a sewer.
             The game lasted 00:00:53 (143 turns).

flotson the Sneak (Demonspawn Delver)                Turns: 143, Time: 00:00:53

Health: 0/18       AC:  3    Str: 12    XL:     1   Next: 91%
Magic:  1/1        EV: 11    Int: 11    God:
Gold:   0          SH:  0    Dex: 14    Spells: 0/0 levels left

rFire   . . .      SeeInvis .   a - +0 hand axe
rCold   . . .      Faith    .   (no shield)
rNeg    . . .      Spirit   .   b - +0 leather armour
rPois   .          Reflect  .   (no helmet)
rElec   .          Harm     .   (no cloak)
rCorr   .          Rampage  .   (no gloves)
Will    .....                   (no boots)
Stlth   ++........              (no amulet)
HPRegen 0.06/turn               (no ring)
MPRegen 0.07/turn               (no ring)

@: no status effects
A: no striking features
a: no special abilities


You were in a sewer.
You visited 1 branch of the dungeon, and saw 2 of its levels.
You also visited: Sewer.

Inventory:

Hand Weapons
 a - a +0 hand axe (weapon)
Armour
 b - a +0 leather armour (worn)
Wands
 g - a wand of digging (3)
Scrolls
 c - a scroll of fog


   Skills:
 + Level 3.1 Fighting
 + Level 2.0 Axes
 + Level 0.4 Armour
 + Level 1.9 Dodging
 - Level 4.5 Stealth


You couldn't memorise any spells.
You didn't know any spells.
Your spell library was empty.

Dungeon Overview and Level Annotations

Branches:
Dungeon (5/15)              Sewer (1/1)
 Temple: D:4-7

Altars:


Message History

A rat is nearby!
The rat seems to regain its courage.
You start resting.
Your extra speed is starting to run out.
You start resting.
A rat is nearby!
You feel yourself slow down.
You closely miss the rat. The rat barely misses you.
You hit the rat.
The rat is severely wounded.
The rat closely misses you. The rat misses you.
You barely miss the rat.
The rat is severely wounded.
The rat bites you but does no damage.
You completely miss the rat.
The rat is severely wounded.
The rat closely misses you.
You hit the rat but do no damage.
The rat is severely wounded.
The rat bites you.
You hit the rat.
You kill the rat!
Your Axes skill increases to level 2!
You closely miss the river rat. The river rat barely misses you.
You completely miss the river rat. The river rat barely misses you.
The river rat bites you but does no damage.
You hit the river rat but do no damage. The river rat bites you.
* * * LOW HITPOINT WARNING * * *
You closely miss the river rat. The river rat closely misses you.
You barely miss the river rat. The river rat closely misses you.
You hit the river rat.
The river rat is heavily wounded.
The river rat closely misses you.
Okay, then.
Unknown command.
You aren't carrying any potions.
You hit the river rat but do no damage.
The river rat is heavily wounded.
The river rat bites you.
You die... ############### ≈..r...∩.∩..r@# ###############

You could see a river rat.

Vanquished Creatures
  An ufetubus (D:5)
  3 rats (Sewer)
4 creatures vanquished.

Notes
Turn   | Place    | Note
-------+----------+-------------------------------------------
     0 | D:5      | flotson the Demonspawn Delver began the quest for the Orb.
     0 | D:5      | Reached XP level 1. HP: 18/18 MP: 1/1
    60 | D:4      | Noticed a scorpion
    72 | D:4      | Found a glowing drain.
    81 | Sewer    | Entered a sewer
   143 | Sewer    | Slain by a river rat

Illustrated notes

Levels and vault maps discovered:
D:4:      layout_cave_pools, cheibrodos_sewer_entry_sluice, serial_glass,
          glass_columns_b, glass_columns_a, chequers_serial_rivers_micro_c,
          minmay_misc_feat_alley
D:5:      layout_basic, nicolae_dithmenos_the_darkroom,
          minmay_temple_entry_grid, grunt_ministairs_2
Sewer:    sewer_kobolds

Skill      XL: |  1 |
---------------+----+-----
Axes           | 2 |  2.0
Fighting       | |  3.1
Armour         | |  0.4
Dodging        | |  1.9
Stealth        | |  4.5

Action                   || total
-------------------------++-------
Melee: Hand axe          ||    17
  Use: Scroll            ||     2
       Potion            ||     1
 Stab: Sleeping          ||     2
Armor: Leather armour    ||     5
Dodge: Dodged            ||    10

Table legend: (Time is in decaauts)
 A = Elapsed time spent in this place.
 B = Non-inter-level travel time spent in this place.
 C = Inter-level travel time spent in this place.
 D = Time resting spent in this place.
 E = Time spent auto-exploring this place.
 F = Levels seen in this place.
 G = Mean time per level.
                   A        B        C        D        E       F      G
               +--------+--------+--------+--------+--------+-----+--------+
         Total |    127 |    123 |      4 |      5 |     45 |   3 |   42.3 |
       Dungeon |     76 |     72 |      4 |      0 |     45 |   2 |   38.0 |
         Sewer |     50 |     50 |      0 |      5 |      0 |   1 |   50.0 |
               +--------+--------+--------+--------+--------+-----+--------+

Top non-repeatable levels by time:
     D:5: 54 daAuts
   Sewer: 50 daAuts
     D:4: 22 daAuts
